AoeStats
← impossible

Fortress

510062454Analyzed
4v4 RM · 4d ago on Sep 29, 2026· 42m 28s· 8 players
Game mode
Random Map
Map size
Huge
Population
200
Speed
Normal
Resources
Standard
Victory
Conquest
Starting age
Dark Age
Ending age
Imperial Age
RankedLock teamsTeams togetherTeam positionsShared explorationLock speedFull tech treeHidden civsTurbo modeCheats
Victory
Defeat
🇺🇸 Hindustanis · United States
1351
+12
🇹🇼 Magyars · Taiwan
1296
+14
🇵🇱 Turks · Poland
1202
+18
🇲🇽 Celts · Mexico
1186
+17
🇨🇳 Saxons · China
1263
-16
🇨🇳 Franks · China
1243
-15
🇭🇰 Khmer · Hong Kong SAR China
1241
-15
🇷🇺 Vietnamese · Russia
1239
-15
mdzzxswl
7:16 Feudal Age
10:55 Castle Age
8:58 Horse Collar
9:28 Double-Bit Axe
11:31 Wheelbarrow
11:46 Bow Saw
24:16 Imperial Age
22:24 Heavy Plow
24:10 Hand Cart
23:40 Loom
23:41 Town Watch
25:40 Crop Rotation
26:24 Double Crossbow
26:44 Conscription
26:26 Tusk Swords
27:02 Hoardings
26:28 Light Cavalry
27:19 Bloodlines
27:09 Husbandry
27:22 Scale Barding Armor
27:28 Forging
27:26 Hussar
28:19 Gold Mining
28:20 Stone Mining
30:00 Chain Barding Armor
30:24 Heavy Scorpion
31:14 Elite Battle Elephant
33:47 Chemistry
34:11 Ballistics
35:26 Caravan
36:50 Siege Engineers
37:21 Masonry
37:23 Fortified Wall
37:55 Plate Barding Armor
37:56 Iron Casting
37:13 Fletching
41:44 Architecture
41:10 Murder Holes
42:18 Blast Furnace
41:13 Bodkin Arrow
青柑普洱
7:33 Feudal Age
8:08 Double-Bit Axe
11:10 Castle Age
9:28 Horse Collar
11:59 Wheelbarrow
12:47 Gold Mining
14:14 Bow Saw
14:04 Loom
20:48 Stone Mining
23:51 Imperial Age
21:07 Clerical Recruitment
21:41 Town Watch
22:04 Scale Mail Armor
23:32 Redemption
23:40 Forging
24:52 Sanctity
24:50 Block Printing
25:01 Illumination
25:13 Theocracy
25:19 Conscription
25:39 Heavy Plow
29:09 Guilds
28:52 Elite Hearth Troop
29:48 Chain Mail Armor
30:08 Iron Casting
30:02 Squires
29:48 Gambesons
31:16 Plate Mail Armor
33:33 Gold Shaft Mining
32:26 Shield Wall
36:27 Man-at-Arms
36:32 Pikeman
38:15 Hand Cart
安逸
7:37 Feudal Age
9:27 Double-Bit Axe
11:47 Castle Age
13:02 Bow Saw
14:57 Wheelbarrow
20:17 Scale Barding Armor
20:59 Forging
21:18 Loom
22:34 Iron Casting
23:34 Gold Mining
26:01 Chain Barding Armor
29:53 Imperial Age
27:20 Ordonnance Companies
28:50 Fletching
29:01 Padded Archer Armor
30:32 Bodkin Arrow
30:03 Heavy Mounted Crossbowman
30:45 Cranequins
32:30 Hand Cart
33:04 Leather Archer Armor
34:21 Chemistry
34:49 Ballistics
34:20 Cavalier
35:23 Husbandry
36:31 Plate Barding Armor
36:57 Blast Furnace
37:21 Paladin
impossible
7:31 Feudal Age
11:26 Castle Age
9:45 Double-Bit Axe
9:45 Horse Collar
10:15 Gold Mining
13:50 Bow Saw
23:26 Loom
28:44 Fletching
30:00 Fletching
31:05 Padded Archer Armor
32:16 Wheelbarrow
32:22 Wheelbarrow
33:30 Bodkin Arrow
33:50 Leather Archer Armor
33:32 Crossbowman
39:31 Imperial Age
37:11 Thumb Ring
38:53 Hand Cart
39:29 Treadmill Crane
40:00 Masonry
41:02 Bracer
41:20 Arbalester
b² - 4ac
7:46 Feudal Age
11:26 Castle Age
10:27 Gold Mining
10:24 Double-Bit Axe
34:33 Scale Mail Armor
34:43 Forging
34:24 Fletching
34:34 Padded Archer Armor
35:32 Wheelbarrow
35:10 Bow Saw
34:46 Horse Collar
37:53 Gold Shaft Mining
37:09 Loom
38:40 Hand Cart
38:58 Chain Mail Armor
38:53 Forging
38:39 Bodkin Arrow
38:31 Pikeman
42:54 Imperial Age
Hurin
6:28 Feudal Age
6:50 Feudal Age
11:00 Castle Age
9:20 Double-Bit Axe
9:44 Horse Collar
12:01 Bow Saw
14:06 Loom
16:27 Wheelbarrow
16:27 Heavy Plow
18:28 Hand Cart
18:18 Gold Mining
20:34 Gold Shaft Mining
21:03 Scale Barding Armor
23:58 Imperial Age
21:44 Forging
21:35 Town Watch
22:03 Husbandry
22:14 Bloodlines
23:17 Chain Barding Armor
23:32 Iron Casting
24:11 Heavy Camel Rider
25:30 Plate Barding Armor
25:14 Light Cavalry
27:19 Chemistry
26:01 Imperial Camel Rider
28:29 Two-Man Saw
28:15 Hussar
33:29 Ballistics
34:16 Blast Furnace
33:07 Fletching
35:07 Conscription
34:51 Grand Trunk Road
37:49 Caravan
39:09 Siege Engineers
Malakai
8:34 Feudal Age
12:33 Castle Age
11:52 Wheelbarrow
12:12 Double-Bit Axe
12:09 Horse Collar
22:49 Heavy Plow
25:11 Bow Saw
28:20 Imperial Age
27:09 Ballistics
28:30 Elite Janissary
29:50 Hand Cart
38:06 Two-Man Saw
38:40 Loom
Alexander
8:28 Feudal Age
8:30 Loom
12:19 Castle Age
10:41 Double-Bit Axe
10:58 Horse Collar
14:57 Bow Saw
15:13 Corvinian Army
20:32 Bloodlines
21:00 Husbandry
22:04 Scale Barding Armor
22:01 Pikeman
25:31 Scale Mail Armor
30:09 Imperial Age
28:39 Chain Mail Armor
30:28 Halberdier
32:20 Conscription
33:27 Wheelbarrow
32:53 Fletching
33:00 Gold Mining
33:04 Stone Mining
33:34 Elite Magyar Huszar
34:15 Treadmill Crane
35:26 Chain Barding Armor
37:09 Hoardings
40:06 Plate Barding Armor
41:12 Two-Man Saw
Connection lost

Rejoining the realm…

Still unreachable

The connection could not be restored.

Session expired

The server has moved on; the page needs a fresh start.